 Dungeon Crawl Stone Soup version 0.30-a0-719-gcc4359ea44 (webtiles) character file.

Game seed: 10321915918158854742

56397 ryw the Warrior (level 14, -2/250 HPs)
             Began as an Ogre Gladiator on Jan 27, 2023.
             Slain by a swamp worm (6 damage)
             ... on level 1 of the Swamp.
             The game lasted 00:55:12 (28146 turns).

ryw the Warrior (Ogre Gladiator)                   Turns: 28146, Time: 00:55:12

Health: -2/250     AC: 27    Str: 25    XL:     14   Next: 81%
Magic:  14/14      EV:  1    Int:  9    God:
Gold:   1690       SH:  0    Dex: 10    Spells: 13/13 levels left

rFire   . . .      SeeInvis .    T - +1 giant club (venom)
rCold   . . .      Faith    .    (shield currently unavailable)
rNeg    . . .      Spirit   .    (body armour currently unavailable)
rPois   +          Reflect  .    (helmet currently unavailable)
rElec   .          Harm     .    (cloak currently unavailable)
rCorr   .          Rampage  .    (gloves unavailable)
Will    +....      NoTele   +    (boots unavailable)
Stlth   +                        (no amulet)
HPRegen 0.61/turn                v - ring of poison resistance
MPRegen 0.14/turn                L - +5 ring of evasion

@: tree-form
A: stationary, stasis, torment immunity, boosted hp, large, unfitting armour,
(tough skin 1)
a: no special abilities


You were on level 1 of the Swamp.
You were a tree.
You visited 5 branches of the dungeon, and saw 18 of its levels.

You collected 1931 gold pieces.
You spent 241 gold pieces at shops.

Inventory:

Hand Weapons
 a - a +0 demon whip of venom
 b - a +5 flail of protection
 J - the +3 Elemental Staff {rElec rF++ rC++ AC+5}
   (You took it off a deep elf pyromancer on level 9 of the Dungeon)

   It enhances your fire, ice, earth and air magic.
   AC:        It affects your AC (+5).
   rF:        It greatly protects you from fire.
   rC:        It greatly protects you from cold.
   rElec:     It insulates you from electricity.
 Q - the +8 trident of the Octopus King {venom, rElec rPois}
   (You found it on level 5 of the Lair of Beasts)

   rElec:     It insulates you from electricity.
   rPois:     It protects you from poison.
 T - a +1 giant club of venom (weapon)
Missiles
 d - a throwing net
 e - 27 stones (quivered)
 f - 6 boomerangs
 P - 4 boomerangs of dispersal
Armour
 c - a +2 hat (melded)
 w - a +2 cloak of willpower (melded)
 O - +1 fire dragon scales (melded)
Jewellery
 p - a ring of flight
 u - a ring of see invisible
 v - a ring of poison resistance (left branch)
 x - a ring of positive energy
 L - a +5 ring of evasion (right branch)
Wands
 i - a wand of polymorph (4)
 z - a wand of charming (9)
 C - a wand of digging (10)
 F - a wand of flame (5)
 G - a wand of acid (25)
Scrolls
 g - 3 scrolls of blinking
 h - a scroll of amnesia
 j - 3 scrolls of poison
 n - 3 scrolls of fog
 o - 2 scrolls of fear
 r - 3 scrolls of magic mapping
 s - 6 scrolls of teleportation
 y - a scroll of butterflies
 N - 11 scrolls of identify
Potions
 k - 2 potions of curing
 l - 3 potions of flight
 m - 4 potions of heal wounds
 q - 3 potions of brilliance
 t - 4 potions of mutation
 B - a potion of resistance
 D - 3 potions of lignification
 E - 2 potions of degeneration
 H - 2 potions of cancellation
 I - a potion of berserk rage
 K - a potion of invisibility
 M - 6 potions of haste
 R - a potion of magic


   Skills:
 + Level 17.9 Fighting
 * Level 12.5 Maces & Flails
 - Level 8.0 Throwing
 - Level 10.0 Armour
 - Level 10.0 Dodging


You had 13 spell levels left.
You didn't know any spells.
Your spell library contained the following spells:

 Spells                   Type           Power      Damage    Failure   Level
 Kiss of Death            Conj/Necr      0%         2d5       38%         1
 Cigotuvi's Dreadful Rot  Necr/Pois/Air  0%         N/A       52%         2
 Poisonous Vapours        Pois/Air       0%         N/A       52%         2
 Confusing Touch          Hex            0%         N/A       77%         3
 Gell's Gravitas          Tloc           0%         N/A       77%         3
 Hailstorm                Conj/Ice       0%         3d3       77%         3
 Mephitic Cloud           Conj/Pois/Air  0%         N/A       77%         3
 Ozocubu's Armour         Ice            0%         N/A       77%         3
 Teleport Other           Tloc           0%         N/A       77%         3
 Dispel Undead            Necr           0%         3d6       99%         4
 Ice Form                 Ice/Tmut       0%         N/A       99%         4
 Leda's Liquefaction      Hex/Erth       0%         N/A       99%         4
 Fireball                 Conj/Fire      0%         3d3       100%        5
 Iskenderun's Battlesphe  Conj           0%         2d6       100%        5
 Lee's Rapid Deconstruct  Erth           0%         3d4*      100%        5
 Metabolic Englaciation   Hex/Ice        0%         N/A       100%        5
 Conjure Ball Lightning   Conj/Air       0%         3x3d6     100%        6
 Death Channel            Necr           0%         N/A       100%        6
 Dispersal                Tloc           0%         N/A       100%        6
 Simulacrum               Ice/Necr       0%         N/A       100%        6
 Statue Form              Tmut/Erth      0%         N/A       100%        6
 Orb of Destruction       Conj           0%         9d5       100%        7


Dungeon Overview and Level Annotations

Branches:
Dungeon (9/15)             Temple (1/1) D:5            Lair (5/5) D:9
  Swamp (1/4) Lair:2       Spider (0/4) Lair:3        Slime (0/5) Lair:5
    Orc (2/2) D:9             Elf (0/3) Orc:2

Altars:
Ashenzari
Cheibriados
Dithmenos
Elyvilon
Fedhas
Gozag
Kikubaaqudgha
Nemelex Xobeh
Qazlal
Ru
Trog
Wu Jian
Xom
Zin
The Shining One

Shops:
D:1 *   Orc:2 [[**

Annotations:
D:6 exclusion: hornet
D:7 3 runed translucent doors


Innate Abilities, Weirdness & Mutations

You are a tree.
Your roots penetrate the ground, keeping you stationary.
You cannot be teleported.
You are immune to unholy pain and torment.
Your maximum health is greatly increased.
Your equipment is partially melded.
You are too large for most types of armour.
((You have tough skin. (AC +1)))


Message History

You feel much better.
Sorry, you're not good enough to have a special ability.
Unknown command.
Really quaff the potion of lignification?
You turn into a tree.
Your +2 cloak of willpower melds into your body.
Your +2 hat melds into your body.
Your +1 fire dragon scales melds into your body.
You feel less strong-willed.
Your roots penetrate the ground.
The tyrant leech bites you but does no damage.
You miss the tyrant leech.
The tyrant leech is lightly wounded.
The bunyip claws you!
* * * LOW HITPOINT WARNING * * *
The bunyip claws you.
* * * LOW HITPOINT WARNING * * *
The bunyip claws you but does no damage.
The tyrant leech bites you but does no damage.
You hit the bunyip.
The bunyip is almost dead.
The tyrant leech bites you but does no damage.
You beat the bunyip like a drum!!!
You kill the bunyip!
You bludgeon the tyrant leech!!
The tyrant leech looks as sick as possible!
The tyrant leech is severely wounded.
The tyrant leech bites you!!
* * * LOW HITPOINT WARNING * * *
The tyrant leech draws strength from your injuries!
The swamp worm bites you but does no damage.
You closely miss the swamp worm.
The swamp worm bites you but does no damage.
The tyrant leech bites you!!
* * * LOW HITPOINT WARNING * * *
The tyrant leech draws strength from your injuries!
You closely miss the swamp worm.
The swamp worm bites you but does no damage.
The tyrant leech bites you but does no damage.
The swamp worm bites you.
You die...

~.. .§ ♣♣ ♣. .~♣ ♣.♣♣♣♣
~~~♣♣♣..♣.♣♣ ~~~.♣...~..♣
.~~.......♣♣♣♣♣
..~~~~.....~§~♣♣♣♣
♣~~~~~....~~.~~♣w♣
♣~~......~~~~♣♣♣w.♣
♣♣♣.~.~~~...~§~♣§w$..~
~~~.~~~~~§~.~~.~~~~...~.
~♣~[♣.~~.§~.~§~~.§~~♣~~.~
♣♣~.~~~~~...~...~~~~.~$~~
..~.~~~.~~....~♣~♣§~~.♣~.
.♣♣....~~.)~~~~~.§~~...~.
♣♣♣♣♣♣..~.~~~>..~..


You could see 2 tyrant leeches and a swamp worm.

Vanquished Creatures
  Roxanne (Swamp:1)
  A bunyip (Swamp:1)
  A centaur warrior (Orc:2)
  2 catoblepae
  3 hydras
  A merfolk avatar (Lair:5)
  10 death yaks
  Pikel (D:6)
  2 orc knights (Orc:2)
  A deep elf pyromancer (D:9)
  17 elephants
  A torpor snail (Lair:2)
  12 cane toads
  A demonic crawler (Lair:2)
  8 black mambas
  A gargoyle (D:9)
  An orange demon (D:8)
  9 rime drakes
  A yaktaur (D:8)
  11 komodo dragons
  An ice devil (D:9)
  A troll (Orc:2)
  A wind drake (Lair:5)
  A polar bear (Lair:4)
  A hornet (Swamp:1)
  2 snapping turtles (Lair:5)
  9 dream sheep
  13 blink frogs
  Sigmund (D:3)
  A spriggan (Swamp:1)
  A shadow (D:7)
  49 yaks
  7 basilisks
  4 fire elementals (D:9)
  A wraith (D:9)
  Eustachio (D:6)
  3 wyverns
  5 steam dragons
  Edmund (D:3)
  Menkaure (D:5)
  3 swamp worms
  2 wargs (Orc:2)
  Duvessa (D:6)
  12 water moccasins
  4 ogres
  26 orc warriors
  10 centaurs
  7 wolves (Lair:1)
  A lemure (D:6)
  A phantom (D:6)
  8 bullfrogs
  2 gnoll sergeants
  6 scorpions
  2 necrophages (D:6)
  6 wights
  Dowan (D:6)
  4 hounds
  2 jellies
  Crazy Yiuf (D:3)
  A gnoll bouda (D:3)
  9 orc priests
  Jessica (D:2)
  5 iguanas
  12 orc wizards
  21 gnolls
  14 adders
  An ufetubus (D:4)
  3 worms
  6 dart slugs
  51 orcs
  10 bats
  6 endoplasms
  7 giant cockroaches
  4 goblins
  9 hobgoblins
  8 jackals
  4 quokkas
  12 ball pythons
  6 frilled lizards
  10 kobolds
  6 rats
494 creatures vanquished.

Vanquished Creatures (others)
  A boulder beetle (D:9)
  27 fungi
  79 plants
107 creatures vanquished.

Grand Total: 601 creatures vanquished

Notes
Turn   | Place    | Note
-------+----------+-------------------------------------------
     0 | D:1      | ryw the Ogre Gladiator began the quest for the Orb.
     0 | D:1      | Reached XP level 1. HP: 22/22 MP: 1/1
   108 | D:1      | Reached XP level 2. HP: 29/29 MP: 2/2
   130 | D:1      | Reached skill level 3 in Fighting
   191 | D:1      | You fall into a shaft and drop 1 floor!
   537 | D:2      | Reached XP level 3. HP: 37/37 MP: 3/3
  1063 | D:2      | Reached XP level 4. HP: 45/45 MP: 4/4
  1136 | D:2      | Noticed Jessica
  1148 | D:2      | Killed Jessica
  1678 | D:3      | Noticed Sigmund
  1748 | D:3      | Killed Sigmund
  1749 | D:3      | Reached skill level 4 in Fighting
  1749 | D:3      | Reached XP level 5. HP: 55/55 MP: 5/5
  1749 | D:3      | Reached XP level 6. HP: 63/63 MP: 6/6
  2756 | D:1      | Found Dympapp's Assorted Antiques.
  2916 | D:1      | Bought a granite ring for 120 gold pieces
  3419 | D:3      | Found a white marble altar of Elyvilon.
  3506 | D:3      | Reached XP level 7. HP: 59/71 MP: 7/7
  3583 | D:3      | Found a faded altar of an unknown god.
  3845 | D:3      | Found a runed translucent door.
  3846 | D:3      | Noticed Crazy Yiuf
  3854 | D:3      | Killed Crazy Yiuf
  3855 | D:3      | Reached skill level 5 in Fighting
  3937 | D:4      | Noticed Edmund
  4014 | D:4      | Found a shimmering altar of Xom.
  4139 | D:4      | Reached skill level 5 in Maces & Flails
  4629 | D:3      | Killed Edmund
  4748 | D:4      | Found a snail-covered altar of Cheibriados.
  4907 | D:4      | Found a glowing golden altar of the Shining One.
  5062 | D:5      | Entered Level 5 of the Dungeon
  5235 | D:5      | Noticed Menkaure
  5245 | D:5      | Killed Menkaure
  5246 | D:5      | Reached XP level 8. HP: 44/83 MP: 8/8
  5371 | D:5      | Found a staircase to the Ecumenical Temple.
  5398 | Temple   | Entered the Ecumenical Temple
  5542 | D:5      | Noticed a kobold demonologist
  5542 | D:5      | Noticed a yak
  5640 | D:5      | Reached skill level 6 in Fighting
  6306 | D:6      | Noticed Pikel
  6336 | D:6      | Killed Pikel
  6337 | D:6      | Reached skill level 5 in Throwing
  6337 | D:6      | Reached skill level 5 in Dodging
  6475 | D:6      | Found a sacrificial altar of Ru.
  6507 | D:6      | Reached skill level 7 in Fighting
  6507 | D:6      | Reached XP level 9. HP: 61/93 MP: 9/9
  6524 | D:6      | Noticed Eustachio
  6547 | D:6      | Killed Eustachio
  6761 | D:6      | Noticed a hornet
  7115 | D:6      | Noticed Dowan
  7156 | D:6      | Noticed Duvessa
  7173 | D:6      | Killed Duvessa
  7178 | D:6      | Killed Dowan
  7744 | D:7      | Reached skill level 8 in Fighting
  7918 | D:7      | Reached XP level 10. HP: 100/106 MP: 10/10
  8129 | D:7      | Found a runed translucent door.
  8129 | D:7      | Found a runed translucent door.
  8129 | D:7      | Noticed a gargoyle
  8129 | D:7      | Noticed a red ugly thing
  8130 | D:7      | Noticed a cyclops
  8131 | D:7      | Found a runed translucent door.
  8600 | D:8      | Noticed Amaemon
  8600 | D:8      | Noticed an orange demon
  9261 | D:8      | Found a shadowy altar of Dithmenos.
  9304 | D:8      | Killed an orange demon
  9816 | D:8      | Identified the +3 scale mail of Kindness {Harm *Slow rPois
                  | Int+2 SInv}
  9820 | D:8      | Found a blossoming altar of Fedhas.
  9868 | D:8      | Reached skill level 9 in Fighting
 10373 | D:8      | Amaemon changed into Amaemon the yaktaur
 10373 | D:8      | Noticed Amaemon
 10382 | D:8      | Killed Amaemon the yaktaur
 11252 | D:9      | Found a staircase to the Lair.
 11257 | D:9      | Noticed an elephant
 11295 | D:9      | Killed an elephant
 11428 | D:9      | Noticed a boulder beetle
 11439 | D:9      | Killed a boulder beetle
 11457 | D:9      | Reached skill level 10 in Maces & Flails
 11457 | D:9      | Reached XP level 11. HP: 29/117 MP: 11/11
 11511 | Lair:1   | Entered Level 1 of the Lair of Beasts
 11754 | D:9      | Found a staircase to the Orcish Mines.
 11810 | D:9      | Reached skill level 10 in Fighting
 12261 | D:9      | Noticed a deep elf pyromancer
 12275 | D:9      | Killed a deep elf pyromancer
 14491 | Lair:1   | Reached skill level 11 in Fighting
 15103 | Lair:1   | Noticed a catoblepas
 15176 | Lair:1   | Killed a catoblepas
 15177 | Lair:1   | Reached XP level 12. HP: 18/130 MP: 12/12
 16167 | Lair:1   | Reached skill level 12 in Fighting
 17030 | Lair:1   | Reached skill level 13 in Fighting
 17597 | Lair:2   | Reached skill level 1 in Armour
 17597 | Lair:2   | Reached skill level 10 in Dodging
 17794 | Lair:2   | Reached skill level 14 in Fighting
 18138 | Lair:2   | Found a staircase to the Swamp.
 18379 | Lair:3   | Noticed a death yak
 18379 | Lair:3   | Noticed a death yak
 18380 | Lair:3   | Noticed a death yak
 18385 | Lair:3   | Noticed a death yak
 18387 | Lair:3   | Noticed a death yak
 18398 | Lair:2   | Killed a death yak
 18399 | Lair:2   | Reached XP level 13. HP: 89/148 MP: 13/13
 19195 | Lair:3   | Reached skill level 15 in Fighting
 19691 | Lair:3   | Found a hole to the Spider Nest.
 20179 | Lair:3   | Reached skill level 5 in Armour
 21336 | Lair:4   | Reached skill level 16 in Fighting
 22316 | Lair:5   | Entered Level 5 of the Lair of Beasts
 22924 | Lair:5   | Reached XP level 14. HP: 109/163 MP: 14/14
 23106 | Lair:5   | Found the +8 trident of the Octopus King {venom, rElec
                  | rPois}
 23738 | Lair:5   | Reached skill level 17 in Fighting
 24556 | Lair:5   | Found a staircase to the Slime Pits.
 25458 | Orc:1    | Entered Level 1 of the Orcish Mines
 25927 | Orc:2    | Entered Level 2 of the Orcish Mines
 25958 | Orc:2    | Found a staircase to the Elven Halls.
 27568 | Orc:2    | Found Juuttoum's Assorted Antiques.
 27568 | Orc:2    | Found Alurram's Armour Shop.
 27570 | Orc:2    | Found Vikkoeh's Armour Boutique.
 27572 | Orc:2    | Found Kubaet's General Store.
 27576 | Orc:2    | Bought a scroll labelled ANKOIDGHOPHE for 18 gold pieces
 27576 | Orc:2    | Bought a scroll labelled QUSUZAEPPI for 18 gold pieces
 27578 | Orc:2    | Bought a potion of heal wounds for 85 gold pieces
 27841 | Swamp:1  | Entered Level 1 of the Swamp
 27852 | Swamp:1  | Noticed Roxanne
 27871 | Swamp:1  | Killed Roxanne
 27872 | Swamp:1  | Reached skill level 10 in Armour
 28145 | Swamp:1  | HP: 3/250 [tyrant leech (23)]
 28146 | Swamp:1  | Slain by a swamp worm

Illustrated notes

Levels and vault maps discovered:
D:1:      reono_arrival_forest_river, layout_loops_ring, serial_shops,
          nicolae_shop_overgrown_old_shop
D:2:      layout_loops_corners, kennysheep_generic_room_16, uniq_jessica
D:3:      layout_basic, pf_just_have_faith,
          hellmonk_ecumenical_altar_inner_sanctum, serial_bayou,
          serial_bayou_pond_b, serial_bayou_pond_b, serial_bayou_lake_a,
          serial_bayou_ford_a, st_stairs_8, kennysheep_pointless_box,
          hangedman_feature_mirror, minmay_diced_spiral, uniq_sigmund,
          uniq_crazy_yiuf_cottage
D:4:      layout_cave_pools, mainiacjoe_overflow_cross_hatched,
          brannock_xom_greatest_gift, kennysheep_mini_moat,
          portal_sewer_entry_d, uniq_edmund
D:5:      layout_gridville, minmay_temple_entry_overgrown,
          minmay_misc_feat_rows, lightli_corner_chamber, uniq_menkaure
D:6:      layout_cave_pools, nicolae_ru_great_annihilating_truth,
          minmay_misc_feat_tower, uniq_duvessa, uniq_eustachio, uniq_pikel
D:7:      minmay_the_grid_triangle_9x9_rhombus_full
          [minmay_the_grid_triangle_9x9_zippers_vertical,
          minmay_the_grid_triangle_9x9_odd_lines,
          minmay_the_grid_triangle_9x9_stretched_checkered,
          minmay_the_grid_triangle_9x9_shrine,
          minmay_the_grid_triangle_9x9_windchime,
          minmay_the_grid_triangle_9x9_fully_insulated_deathbox,
          minmay_the_grid_triangle_9x9_minimal,
          minmay_the_grid_triangle_9x9_prize_insulated], layout_rooms,
          worms_lemuel
D:8:      layout_loops_ring, mainiacjoe_overflow_paths, amcnicky_altar_gilded,
          uniq_amaemon
D:9:      layout_gridville, david_lair_generic, david_orc_3, grunt_ministairs_4,
          dilly_guarded_unrand_elemental_staff
Temple:   dshaligram_water_room_temple
Lair:1:   layout_cave_pods, st_stairs_12, grunt_megastairs_5
Lair:2:   layout_roguey, minmay_swamp_entry_worms
Lair:3:   layout_gridlike, nicolae_spider_entry_non_spiders,
          serial_bayou_shore_a
Lair:4:   layout_cave_pods, infiniplex_staircase_pool_2
Lair:5:   gammafunk_lair_ancient_temple, layout_cave_pods, slime_entry_1
Swamp:1:  layout_falls_marsh, ebering_ghost_xom, hangedman_swamp_pad,
          uniq_roxanne
Orc:1:    layout_caves
Orc:2:    st_orc_rangers, layout_diamond_mine

Skill      XL: |  1  2  3  4  5  6  7  8  9 10 11 12 13 14 |
---------------+-------------------------------------------+-----
Fighting       | 3 4 5 7 8 9 11 14 16 17 | 17.9
Maces & Flails | 3 4 5 7 8 10 11 12 | 12.5
Dodging        | 3 4 5 6 7 8 10 | 10.0
Throwing       | 3 4 5 6 7 8 |  8.0
Armour         | 3 7 10 | 10.0

Action                     |  1- 3 |  4- 6 |  7- 9 | 10-12 | 13-15 || total
---------------------------+-------+-------+-------+-------+-------++-------
  Melee: Flail             |   127 |    14 |   147 |   145 |       ||   433
         Punch             |     1 |     1 |     4 |    15 |    10 ||    31
         Whip              |       |   179 |    89 |       |       ||   268
         Demon whip        |       |       |       |   661 |   795 ||  1456
         Giant club        |       |       |       |       |   222 ||   222
  Throw: Throwing net      |     2 |     1 |       |       |       ||     3
         Stone             |       |    27 |    14 |    40 |    40 ||   121
         Large rock        |       |     1 |       |       |       ||     1
  Evoke: Wand              |       |       |       |     2 |       ||     2
    Use: Potion            |     2 |     2 |     9 |     8 |     2 ||    23
         Scroll            |       |     8 |     6 |    11 |     6 ||    31
   Stab: Sleeping          |     1 |       |       |       |       ||     1
         Paralysed         |       |       |     1 |       |       ||     1
 Armour: Robe              |    53 |    55 |    30 |       |       ||   138
         Skin              |       |       |     3 |    54 |     8 ||    65
         Steam dragon scal |       |       |    37 |   220 |    19 ||   276
         Fire dragon scale |       |       |       |       |   225 ||   225
  Dodge: Dodged            |   102 |    94 |   144 |   346 |   577 ||  1263

Table legend: (Time is in decaauts)
 A = Elapsed time spent in this place.
 B = Non-inter-level travel time spent in this place.
 C = Inter-level travel time spent in this place.
 D = Time resting spent in this place.
 E = Time spent auto-exploring this place.
 F = Levels seen in this place.
 G = Mean time per level.
                   A        B        C        D        E       F      G
               +--------+--------+--------+--------+--------+-----+--------+
         Total |  27542 |  25830 |   1712 |   9052 |  11667 |  18 | 1530.1 |
       Dungeon |  14096 |  13136 |    960 |   4666 |   5799 |   9 | 1566.2 |
        Temple |     47 |     40 |      7 |      0 |     29 |   1 |   47.0 |
          Lair |  10806 |  10153 |    653 |   3618 |   4679 |   5 | 2161.2 |
         Swamp |    304 |    304 |      0 |    187 |     46 |   1 |  304.0 |
  Orcish Mines |   2287 |   2197 |     90 |    580 |   1114 |   2 | 1143.5 |
               +--------+--------+--------+--------+--------+-----+--------+

Top non-repeatable levels by time:
     D:9: 3269 daAuts
  Lair:1: 2685 daAuts
  Lair:2: 2372 daAuts
  Lair:4: 2326 daAuts
  Lair:5: 1957 daAuts
     D:3: 1914 daAuts
     D:2: 1764 daAuts
     D:7: 1626 daAuts
   Orc:2: 1558 daAuts
  Lair:3: 1464 daAuts
     D:8: 1459 daAuts
     D:5: 1336 daAuts
     D:6: 1155 daAuts
     D:1: 899 daAuts
   Orc:1: 728 daAuts
